 Dungeon Crawl Stone Soup version 0.17-a0-1508-ge7f3dc3 (webtiles) character file.

31 Chiseanne the Grasshopper (level 3, 0/28 HPs)
             Began as a Demonspawn Warper on July 10, 2015.
             Succumbed to a gnoll's poison
             ... on level 1 of the Dungeon.
             The game lasted 00:02:37 (2202 turns).

Chiseanne the Grasshopper (Demonspawn Warper)       Turns: 2202, Time: 00:02:37

Health: 0/28       AC:  3    Str: 12    XL:     3   Next: 7%
Magic:  3/6        EV: 12    Int: 14    God:
Gold:   65         SH:  0    Dex: 12    Spells: 1 memorised, 6 levels left

rFire  . . .     SeeInvis .     a - +0 hand axe
rCold  . . .     Clarity  .     b - +0 leather armour
rNeg   . . .     SustAt   .     (no shield)
rPois  .         Gourm    .     (no helmet)
rElec  .         Spirit   +     (no cloak)
rCorr  .         Warding  .     (no gloves)
rMut   .         Stasis   .     (no boots)
MR     .....                    (no amulet)
Stlth  +.........               (no ring)
                                (no ring)

@: lethally poisoned (0 -> -30), not resistant to hostile enchantments, very
unstealthy
A: magic shield, magic regeneration
a: no special abilities


You were on level 1 of the Dungeon.
You were hungry.

You visited 1 branch of the dungeon, and saw 2 of its levels.

You collected 65 gold pieces.

Inventory:

Hand weapons
 a - a +0 hand axe (weapon)
Missiles
 e - 11 arrows
 j - 22 bolts
 n - 18 sling bullets
Armour
 b - a +0 leather armour (worn)
Jewellery
 h - an uncursed ring of stealth {unknown}
Scrolls
 d - a scroll of blinking
 l - a scroll of amnesia {unknown}
 p - a scroll of identify {unknown}
 q - a scroll of enchant weapon {unknown}
Potions
 i - 3 potions of might {unknown}
 k - a potion of haste {unknown}
 m - 2 potions of cancellation {unknown}
 o - a potion of lignification {unknown}
 r - a potion of mutation {unknown}
 s - a potion of magic {unknown}
Books
 c - a book of Spatial Translocations

   Spells                             Type                      Level
   a - Apportation                    Translocation                1
   b - Blink                          Translocation                2
   c - Shroud of Golubria             Charms/Translocation         2
   d - Portal Projectile              Translocation                3
   e - Teleport Other                 Translocation                3
   f - Passage of Golubria            Translocation                4
Comestibles
 f - 2 bread rations
 g - a meat ration


   Skills:
 * Level 2.6 Fighting
 - Level 1.7 Axes
 - Level 0.8 Throwing
 - Level 0.8 Armour
 + Level 2.0 Dodging
 + Level 2.5 Spellcasting
 + Level 2.8 Translocations


You had 6 spell levels left.
You knew the following spells:

 Your Spells              Type           Power        Failure   Level  Hunger
a - Apportation           Tloc           #.........   12%         1    #......


Dungeon Overview and Level Annotations

Branches:
Dungeon (2/15)

Altars:


Innate Abilities, Weirdness & Mutations

When hurt, damage is shared between your health and your magic reserves.
You regenerate magic rapidly.


Message History

You are more poisoned.
You hit the gnoll but do no damage.
The gnoll is heavily wounded.
You feel sick. The gnoll misses you.
The gnoll hits you with a whip of venom.
You are more poisoned.
You hit the gnoll but do no damage.
The gnoll is heavily wounded.
You feel sick.
The gnoll hits you with a whip of venom.
You are more poisoned.
You hit the gnoll.
The gnoll is severely wounded.
* * * LOW HITPOINT WARNING * * *
You feel very sick.
The gnoll hits you with a whip of venom.
* * * LOW HITPOINT WARNING * * *
You barely miss the gnoll.
The gnoll is severely wounded.
You die...

######.......###.# #...........
#................# #.#.........
#.......####.###.###.#.#.......
#.......####.#.................
######.......#.........#....#..
##........................
#.#....#.................
#.#....#.g##..#..#..#....
#.#....#@.........(......
#.#.......##..##.#....###
#.#...######)............
#.##### ##.#####.##### #.#
#.......##### #.# ##########...
#.# #.... ### #.... #....


You could see a gnoll.

Vanquished Creatures
  An adder (D:1)
  A worm (D:2)
  4 giant cockroaches (D:1)
  2 hobgoblins (D:1)
  2 kobolds (D:1)
  2 bats (D:1)
  3 giant newts (D:1)
  2 goblins (D:1)
  5 rats (D:1)
22 creatures vanquished.

Notes
Turn   | Place    | Note
--------------------------------------------------------------
     0 | D:1      | Chiseanne the Demonspawn Warper began the quest for the Orb.
     0 | D:1      | Reached XP level 1. HP: 16/16 MP: 3/3
   417 | D:1      | Gained mutation: When hurt, damage is shared between your health and your magic reserves. [demonic ancestry]
   417 | D:1      | Reached XP level 2. HP: 6/22 MP: 5/5
  1949 | D:2      | Gained mutation: You regenerate magic rapidly. [demonic ancestry]
  1949 | D:2      | Reached XP level 3. HP: 6/28 MP: 2/6
  2202 | D:1      | Succumbed to a gnoll's poison

Vault maps used:
D:1:      saegor_arrival_simple_d
D:2:      nicolae_overflow_hidden_temple, gammafunk_temple_overflow_wave,
          first_bread

Action                   || total
-------------------------++-------
Melee: Hand axe          ||   110
Throw: Tomahawk          ||     5
 Stab: Sleeping          ||     1
  Eat: Chunk             ||     2
       Pizza             ||     1
